 Dungeon Crawl Stone Soup version 0.26-a0-812-g31a745ddcd (webtiles) character file.

Game seed: 1709345696021612582

633 kae the Insei (level 7, -11/40 HPs)
             Began as a Tengu Transmuter on Nov 24, 2020.
             Splashed by an orc wizard's acid (13 damage)
             ... on level 5 of the Dungeon.
             The game lasted 00:05:05 (6795 turns).

kae the Insei (Tengu Transmuter)                    Turns: 6795, Time: 00:05:06

Health: -11/40     AC: -6    Str: 13    XL:     7   Next: 49%
Magic:  7/12       EV: 26    Int: 13    God:
Gold:   327        SH:  0    Dex: 19    Spells: 8/12 levels left

rFire    . . .     SeeInvis .     - Unarmed
rCold    . . .     Faith    .   (shield currently unavailable)
rNeg     . . .     Spirit   .   (armour currently unavailable)
rPois    x         Reflect  .   (helmet currently unavailable)
rElec    .         Harm     .   (cloak currently unavailable)
rCorr    .         Rampage  .   (gloves currently unavailable)
MR       .....                  (boots unavailable)
Stlth    ++........             (no amulet)
HPRegen  0.13/turn              (no ring)
MPRegen  0.13/turn              (no ring)

@: spider-form (expiring), corroded, flying quickly and evasively, quick
A: tiny, able to fly
a: Stop Flying, End Transformation


You were on level 5 of the Dungeon.
You were a venomous arachnid creature.
You visited 1 branch of the dungeon, and saw 5 of its levels.
You also visited: Sewer.

You collected 327 gold pieces.

Inventory:

Armour
 a - a +1 robe (melded)
Wands
 l - a wand of iceblast (3)
Scrolls
 b - 4 scrolls of remove curse
 c - 4 scrolls of blinking
 d - 2 scrolls of fear
 g - 8 scrolls of teleportation
 i - 2 scrolls of identify
Potions
 e - a potion of cancellation
 f - a potion of ambrosia
 h - 3 potions of curing
 k - a potion of attraction {unknown}
 m - a potion of lignification {unknown}
 n - 2 potions of flight {unknown}
 o - 2 potions of mutation {unknown}


   Skills:
 + Level 2.9 Fighting
 + Level 3.6 Dodging
 * Level 5.4 Unarmed Combat
 + Level 3.3 Spellcasting
 * Level 3.5 Transmutations
 - Level 2.0 Poison Magic


You had 8 spell levels left.
You knew the following spells:

 Your Spells              Type           Power        Failure   Level
a - Beastly Appendage     Tmut           ##....       16%         1
b - Spider Form           Tmut/Pois      #.........   43%         3

Your spell library contained the following spells:

 Spells                   Type           Power        Failure   Level
 Wereblood                Tmut           ##......     21%         2
 Summon Small Mammal      Summ           #...         43%         1
 Call Imp                 Summ           #.......     56%         2
 Call Canine Familiar     Summ           #.......     77%         3
 Confusing Touch          Hex            #.......     77%         3
 Gell's Gravitas          Tloc           #.........   77%         3
 Summon Guardian Golem    Hex/Summ       #.......     77%         3
 Ice Form                 Ice/Tmut       #.......     87%         4
 Petrify                  Tmut/Erth      #.......     87%         4
 Blade Hands              Tmut           ##........   93%         5
 Summon Ice Beast         Ice/Summ       #.......     98%         4
 Summon Lightning Spire   Summ/Air       #.......     98%         4
 Yara's Violent Unravell  Hex/Tmut       #.........   99%         5
 Metabolic Englaciation   Hex/Ice        #.........   100%        5


Dungeon Overview and Level Annotations

Branches:
Dungeon (5/15)              Sewer (visited)
 Temple: D:4-7

Altars:
Ru


Innate Abilities, Weirdness & Mutations

((You have a beak for a mouth.))
((You have claws for feet.))
You can fly continuously.


Message History

You are too injured to fight recklessly!
You hit something but do no damage.
Your transformation is almost over.
The orc completely misses you. Something hits you but does no damage.
Your magical contamination has completely faded away.
You closely miss something. The orc closely misses you.
You hear some strange, mumbled words.
Something tries to affect you, but you resist.
You miss something. Something hits you. The orc completely misses you.
You hit something but do no damage. Something hits you.
The orc completely misses you.
You hit something but do no damage. Something misses you.
The orc closely misses you.
You completely miss something.
You hear a zap.
A bolt of acid appears from out of thin air!
The bolt of acid hits you!
* * * LOW HITPOINT WARNING * * *
The acid corrodes you!
You are splashed with acid!
You die...

# #.### # #.....#
..##.#.#.# ### #..
.......# ##.## #.#
#.#.#.#
...###.####.....##
#.##..............
#s##(#.#####...<..
#.#.##{##.#.......##.##
..oo..o.).....####.##.#
........##.....# #)##.#
....##..####.#.###.##.#
... #..# #....##.##.#
.# #..# #..........##
...........##..)...
##..####.#.###.#....


You could see an orc.

Vanquished Creatures
  An orc warrior (D:4)
  A scorpion (D:4)
  2 hounds
  A centaur skeleton (D:4)
  An orc priest (D:4)
  2 orc wizards
  Jessica (D:2)
  2 worker ants (D:3)
  Robin (D:2)
  A gnoll (D:1)
  7 adders
  An adder skeleton (D:4)
  5 worms
  4 dart slugs
  5 leopard geckos
  8 orcs
  8 bats
  4 giant cockroaches
  20 goblins
  10 hobgoblins
  8 jackals
  3 quokkas
  4 ball pythons
  12 frilled lizards
  12 kobolds
  A quokka skeleton (D:4)
  9 rats
134 creatures vanquished.

Vanquished Creatures (others)
  3 fungi (D:2)
  20 plants
23 creatures vanquished.

Grand Total: 157 creatures vanquished

Notes
Turn   | Place    | Note
-------+----------+-------------------------------------------
     0 | D:1      | kae the Tengu Transmuter began the quest for the Orb.
     0 | D:1      | Reached XP level 1. HP: 12/12 MP: 4/4
    61 | D:1      | Reached XP level 2. HP: 4/16 MP: 6/6
   867 | D:1      | Reached XP level 3. HP: 14/20 MP: 5/7
   872 | D:1      | Learned a level 3 spell: Spider Form
  1855 | D:2      | Noticed Robin
  1861 | D:2      | Reached skill level 4 in Unarmed Combat
  1861 | D:2      | Reached XP level 4. HP: 17/25 MP: 6/8
  2195 | D:2      | Noticed Jessica
  2197 | D:2      | Killed Jessica
  2197 | D:2      | Reached skill level 1 in Poison Magic
  2494 | D:2      | Found a sacrificial altar of Ru.
  2643 | D:2      | Gained mutation: You can fly continuously. [Tengu growth]
  2643 | D:2      | Reached XP level 5. HP: 17/30 MP: 7/9
  3039 | D:2      | Killed Robin
  3265 | D:3      | Found a glowing drain.
  3316 | Sewer    | Entered a sewer
  4057 | D:3      | Reached XP level 6. HP: 15/35 MP: 1/11
  5663 | D:4      | Noticed an orc warrior
  6084 | D:4      | Killed an orc warrior
  6084 | D:4      | Reached skill level 5 in Unarmed Combat
  6084 | D:4      | Reached XP level 7. HP: 40/40 MP: 9/12
  6744 | D:5      | Entered Level 5 of the Dungeon
  6795 | D:5      | HP: 2/40 [something/bolt of acid (12)]
  6795 | D:5      | Splashed by an orc wizard's acid

Illustrated notes

Levels and vault maps discovered:
D:1:      dpeg_arrival_signposts, layout_loops_ring, serial_glass,
          glass_columns_c, glass_columns_b, glass_columns_a, glass_columns_b
D:2:      layout_loops_corners, nicolae_ru_the_path_less_chosen, uniq_jessica,
          uniq_robin
D:3:      layout_basic, cheibrodos_sewer_entry_drain, minivault_25
D:4:      layout_gridville
D:5:      layout_loops_ring

Skill      XL: |  1  2  3  4  5  6 |
---------------+-------------------+-----
Transmutations | 2 3 |  3.5
Unarmed Combat | 4 5 |  5.4
Poison Magic   | 1 2 |  2.0
Fighting       | 2 |  2.9
Dodging        | 3 |  3.6
Spellcasting   | 3 |  3.3

Action                   |  1- 3 |  4- 6 |  7- 9 || total
-------------------------+-------+-------+-------++-------
Melee: Unarmed           |    86 |   234 |    41 ||   361
       Kick              |    22 |    55 |     2 ||    79
       Peck              |    10 |    30 |       ||    40
       Headbutt          |     4 |    17 |     6 ||    27
       Punch             |       |     1 |     1 ||     2
 Cast: Beastly Appendage |    19 |    40 |     2 ||    61
       Spider Form       |       |     6 |     4 ||    10
 Abil: Fly               |       |     1 |       ||     1
  Use: Potion            |       |     3 |       ||     3
       Scroll            |       |     9 |     2 ||    11
 Stab: Sleeping          |       |     5 |       ||     5
Armor: Robe              |    13 |    31 |     2 ||    46
Dodge: Dodged            |    54 |   241 |    27 ||   322

Table legend: (Time is in decaauts)
 A = Elapsed time spent in this place.
 B = Non-inter-level travel time spent in this place.
 C = Inter-level travel time spent in this place.
 D = Time resting spent in this place.
 E = Time spent auto-exploring this place.
 F = Levels seen in this place.
 G = Mean time per level.
                   A        B        C        D        E       F      G
               +--------+--------+--------+--------+--------+-----+--------+
         Total |   6609 |   6495 |    114 |    460 |   5023 |   6 | 1101.5 |
       Dungeon |   6020 |   5906 |    114 |    460 |   4530 |   5 | 1204.0 |
         Sewer |    589 |    589 |      0 |      0 |    493 |   1 |  589.0 |
               +--------+--------+--------+--------+--------+-----+--------+

Top non-repeatable levels by time:
     D:2: 1725 daAuts
     D:3: 1580 daAuts
     D:1: 1453 daAuts
     D:4: 1214 daAuts
   Sewer: 589 daAuts
     D:5: 46 daAuts
